 Dungeon Sprint DCSS version 0.28-a0-29-g0adfcbbeba (webtiles) character file.

Game seed: 10963768687773998543

291 Conn the Arsonist (level 6, -5/36 HPs)
             Began as an Octopode Fire Elementalist on July 27, 2021.
             Was an Initiate of Sif Muna.
             Killed by an exploding slime creature (41 damage)
             ... ignited by their inner flame
             ... in the Dungeon (Sprint I: "Red Sonja").
             The game lasted 00:03:07 (411 turns).

Conn the Arsonist (Octopode Fire Elementalist)       Turns: 411, Time: 00:03:08

Health: -5/36      AC:  8    Str:  8    XL:     6   Next: 32%
Magic:  2/13       EV: 14    Int: 19    God:    Sif Muna [......]
Gold:   310        SH:  0    Dex: 12    Spells: 3/14 levels left

rFire   . . .      SeeInvis .   e - +0 scythe (protect)
rCold   . . .      Faith    .   (shield currently unavailable)
rNeg    . . .      Spirit   .   (helmet restricted)
rPois   .          Reflect  .   (no amulet)
rElec   .          Harm     .   (no ring)
rCorr   .          Rampage  .   (no ring)
Will    .....      NoTele   +   (no ring)
Stlth   ++++......              (no ring)
HPRegen 0.12/turn               (no ring)
MPRegen 0.13/turn               (no ring)
                                (no ring)
                                (no ring)

@: under a protective aura
A: almost no armour, amphibious, 8 rings, camouflage 1, gelatinous body 1,
(nimble swimmer 1), tentacles
a: Renounce Religion


You were in the Dungeon.
You worshipped Sif Muna.
Sif Muna was noncommittal.
You visited 1 branch You collected 310 gold pieces.

Inventory:

Hand Weapons
 e - a +0 scythe of protection (weapon)
Scrolls
 f - a scroll of blinking
Potions
 a - a potion of curing
 b - a potion of heal wounds
 c - 2 potions of haste
 d - 2 potions of magic
 g - a potion of mutation {unknown}


   Skills:
 + Level 4.8 Dodging
 + Level 5.3 Stealth
 + Level 4.9 Spellcasting
 * Level 3.3 Conjurations
 * Level 2.7 Hexes
 * Level 9.8 Fire Magic


You had 3 spell levels left.
You knew the following spells:

 Your Spells              Type           Power      Damage    Failure   Level
a - Foxfire               Conj/Fire      100%       2x1d9     1%          1
b - Conjure Flame         Conj/Fire      29%        6-21      2%          3
c - Inner Flame           Hex/Fire       28%        N/A       2%          3
d - Sticky Flame          Conj/Fire      29%        2d5       9%          4

Your spell library contained the following spells:

 Spells                   Type           Power      Damage    Failure   Level
 Fireball                 Conj/Fire      14%        3d8       24%         5


Dungeon Overview and Level Annotations

Branches:
Dungeon (1/1)

Altars:
Makhleb
Sif Muna
Vehumet
Wu Jian
Xom
Jiyva
Lugonu


Innate Abilities, Weirdness & Mutations

You cannot wear most types of armour.
You are amphibious.
You can wear up to eight rings at the same time.
Your skin changes colour to match your surroundings (Stealth+).
Your rubbery body absorbs attacks. (AC +1, EV +1)
((You are camouflaged near water. (Stealth+)))
You have tentacles for arms and can constrict up to eight enemies at once.


Message History

The foxfire hits the slime creature.
Flame seeps out of the slime creature.
The slime creature is lightly wounded.
Casting: Foxfire (safe; 1% risk of failure)
Confirm with . or Enter, or press ? or * to list all spells.
You conjure some foxfire!
The foxfire hits the slime creature.
Flame seeps out of the slime creature.
The slime creature is lightly wounded.
The foxfire hits the slime creature!
Flame seeps out of the slime creature.
The slime creature is moderately wounded.
The slime creature is engulfed in blazing flames.
Flame seeps out of the slime creature.
Casting: Foxfire (safe; 1% risk of failure)
Confirm with . or Enter, or press ? or * to list all spells.
Okay, then.
Reach: e) +0 scythe (protect)
Press: ? - help, Dir - move target, f/p - slime creature
Aim: a slime creature (flame, heavily wounded, inner flame, about 25% to evade your +0 scythe of protection)
You reach to attack!
You hit the slime creature but do no damage.
Your weapon exudes an aura of protection.
The slime creature is heavily wounded.
The slime creature is engulfed in blazing flames.
Flame seeps out of the slime creature.
The slime creature closely misses you.
Casting: Foxfire (safe; 1% risk of failure)
Confirm with . or Enter, or press ? or * to list all spells.
The spell is quite dangerous to cast (9% risk of failure)!
Continue anyway?
Aiming: Sticky Flame (quite dangerous; 9% risk of failure)
Press: ? - help, Shift-Dir - straight line, f/p - slime creature
Aim: a slime creature (severely wounded, inner flame, 100% to hit)
The sticky flame hits the slime creature.
Flame seeps out of the slime creature.
The slime creature is severely wounded.
The slime creature is covered in liquid flames!
The slime creature burns!
Flame seeps out of the slime creature.
The slime creature is engulfed in blazing flames.
Sif Muna accepts your kill.
The slime creature explodes!
The fiery explosion engulfs you!!!
Ouch! That really hurt!
You die...

################ ##
#<.#..[..#§§§..#__#
#..)..#..'@○#v.'..+
#.)#####'#####'#__#
#..# #..#...#.# ##
#..# ####..##.#
#..# ##'#_.+ #⌠⌠#
+..._# #### #_.#+#
##+#


There were no monsters in sight!

Vanquished Creatures
  A slime creature (D)
  Sigmund (D)
  An ogre (D)
  A jelly (D)
  Ijyb (D)
5 creatures vanquished.

Vanquished Creatures (others)
  12 foxfires (D)
12 creatures vanquished.

Grand Total: 17 creatures vanquished

Notes
Turn   | Place    | Note
-------+----------+-------------------------------------------
     0 | D        | Conn the Octopode Fire Elementalist began the quest for the
                  | Orb.
     0 | D        | Reached XP level 1. HP: 11/11 MP: 3/3
     2 | D        | Noticed Ijyb
    16 | D        | Killed Ijyb
    17 | D        | Reached skill level 5 in Fire Magic
    17 | D        | Reached XP level 2. HP: 17/17 MP: 1/6
    17 | D        | Reached XP level 3. HP: 21/21 MP: 1/7
    60 | D        | Learned a level 3 spell: Conjure Flame
    64 | D        | Learned a level 3 spell: Inner Flame
    72 | D        | Noticed an ogre
    80 | D        | Killed an ogre
    81 | D        | Reached skill level 7 in Fire Magic
    81 | D        | Reached XP level 4. HP: 27/27 MP: 0/10
   178 | D        | Learned a level 4 spell: Sticky Flame
   178 | D        | Noticed Sigmund
   188 | D        | Killed Sigmund
   189 | D        | Reached skill level 5 in Stealth
   189 | D        | Reached skill level 9 in Fire Magic
   189 | D        | Reached XP level 5. HP: 27/31 MP: 3/12
   189 | D        | Reached XP level 6. HP: 32/36 MP: 3/13
   285 | D        | Found a shimmering blue altar of Sif Muna.
   286 | D        | Found an ornate altar of the Wu Jian Council.
   287 | D        | Found a radiant altar of Vehumet.
   291 | D        | Became a worshipper of Sif Muna the Loreminder
   399 | D        | Found a burning altar of Makhleb.
   399 | D        | Found a viscous altar of Jiyva.
   399 | D        | Found a shimmering altar of Xom.
   399 | D        | Found a corrupted altar of Lugonu.
   399 | D        | Noticed a slime creature
   411 | D        | Killed a slime creature
   411 | D        | Killed by an exploding slime creature... ignited by their
                  | inner flame

Illustrated notes

Levels and vault maps discovered:
D:        dungeon_sprint_1 [red_sonja_temple_1, red_sonja_temple_small_1]

Skill      XL: |  1  2  3  4 |
---------------+-------------+-----
Stealth        | 3 4 5 |  5.3
Spellcasting   | 3 4 |  4.9
Fire Magic     | 5 7 9 |  9.8
Dodging        | 4 |  4.8
Conjurations   | 3 |  3.3
Hexes          | 2 |  2.7

Action                   |  1- 3 |  4- 6 || total
-------------------------+-------+-------++-------
Melee: Unarmed           |     8 |       ||     8
       Tentacles         |     2 |       ||     2
       Constrict         |     1 |       ||     1
       Scythe            |       |     2 ||     2
 Cast: Foxfire           |     3 |     4 ||     7
       Conjure Flame     |     1 |     2 ||     3
       Inner Flame       |     1 |     2 ||     3
       Sticky Flame      |       |     2 ||     2
  Use: Potion            |     1 |       ||     1
 Stab: Sleeping          |       |     1 ||     1
Armor: Skin              |       |     1 ||     1
Dodge: Dodged            |     4 |     1 ||     5

Table legend: (Time is in decaauts)
 A = Elapsed time spent in this place.
 B = Non-inter-level travel time spent in this place.
 C = Inter-level travel time spent in this place.
 D = Time resting spent in this place.
 E = Time spent auto-exploring this place.
 F = Levels seen in this place.
 G = Mean time per level.
                   A        B        C        D        E       F      G
               +--------+--------+--------+--------+--------+-----+--------+
         Total |    422 |    422 |      0 |    274 |      0 |   1 |  422.0 |
       Dungeon |    422 |    422 |      0 |    274 |      0 |   1 |  422.0 |
               +--------+--------+--------+--------+--------+-----+--------+

Top non-repeatable levels by time:
       D: 422 daAuts
